 Dungeon Crawl Stone Soup version 0.29.0-4-gdea44cf6ec (webtiles) character file.

Game seed: 4421879454343631544

357 qw the Shield-Bearer (level 6, -1/35 HPs)
             Began as a Tengu Warper on Aug 29, 2022.
             Was an Initiate of Okawaru.
             Slain by Natasha (6 damage)
             ... on level 4 of the Dungeon.
             The game lasted 00:00:43 (3985 turns).

qw the Shield-Bearer (Tengu Warper)                 Turns: 3985, Time: 00:00:43

Health: -1/35      AC:  8    Str: 13    XL:     6   Next: 64%
Magic:  10/10      EV:  3    Int: 14    God:    Okawaru [......]
Gold:   141        SH: 13    Dex: 13    Spells: 9/9 levels left

rFire   . . .      SeeInvis .   Y - +1 hand axe
rCold   . . .      Faith    .   k - +0 tower shield
rNeg    . . .      Spirit   .   d - +0 chain mail
rPois   .          Reflect  .   (helmet restricted)
rElec   .          Harm     .   (no cloak)
rCorr   .          Rampage  .   (no gloves)
Will    .....                   (boots unavailable)
Stlth   ..........              g - amulet of regeneration
HPRegen 0.91/turn               (no ring)
MPRegen 0.12/turn               (no ring)

@: flying quickly and evasively, slowed, very slow
A: beak, talons 3, nimble flight
a: Renounce Religion


You were on level 4 of the Dungeon.
You worshipped Okawaru.
Okawaru was noncommittal.
You visited 2 branches of the dungeon, and saw 5 of its levels.

You collected 284 gold pieces.
You spent 143 gold pieces at shops.


Innate Abilities, Weirdness & Mutations

You have a beak for a mouth.
You have claws for feet.
Your magical nature lets you fly swiftly and evasively.


   Skills:
 - Level 2.0 Fighting
 + Level 4.9 Axes
 - Level 1.0 Throwing
 - Level 1.1 Armour
 - Level 2.1 Dodging
 - Level 5.0 Shields
 - Level 2.0 Spellcasting
 - Level 2.4 Translocations


You had 9 spell levels left.
You didn't know any spells.
Your spell library contained the following spells:

 Spells                   Type           Power      Damage    Failure   Level
 Blink                    Tloc           16%        N/A       100%        2
 Gell's Gravitas          Tloc           8%         N/A       100%        3
 Lesser Beckoning         Tloc           8%         N/A       100%        3
 Teleport Other           Tloc           8%         N/A       100%        3
 Manifold Assault         Tloc           8%         N/A       100%        5

Inventory:

Hand Weapons
 c - a +0 flail
 Y - a +1 hand axe (weapon)
Missiles
 f - 4 javelins (quivered)
Armour
 d - a +0 chain mail (worn)
 e - a +1 scale mail of fire resistance
 k - a +0 tower shield (worn)
Jewellery
 g - an amulet of regeneration (around neck)
Scrolls
 j - a scroll of identify
 l - 5 scrolls of teleportation
Potions
 b - a potion of flight {unknown}
 h - a potion of brilliance {unknown}
 i - 2 potions of heal wounds
 o - a potion of haste {unknown}
 p - a potion of invisibility {unknown}

Dungeon Overview and Level Annotations

Branches:
Dungeon (4/15)             Temple (1/1) D:4

Altars:
Elyvilon
Fedhas
Hepliaklqana
Makhleb
Nemelex Xobeh
Okawaru
Qazlal
Sif Muna
Trog
Uskayaw
Vehumet
Xom
Yredelemnul
Zin

Shops:
D:3 *?[(*

Annotations:
D:2 1 runed translucent door, Crazy Yiuf
D:4 Natasha


Message History

Natasha stares at you and mumbles some strange words.
The magic dart hits you. You block the shadow imp's attack.
You block Natasha's attack. The shadow imp puffs mist at you.
The shadow imp hits you. Natasha claws you.
You hit Natasha. You claw Natasha.
Natasha is heavily wounded.
You closely miss the shadow imp. You block the shadow imp's attack.
Natasha claws you! The shadow imp hits you.
Natasha mumbles some strange words.
Natasha glows brightly for a moment.
Natasha claws you but does no damage.
You hit Natasha. Your kick misses Natasha. You peck Natasha, but do no damage.
Natasha is severely wounded.
You hit the shadow imp but do no damage.
The shadow imp hits you but does no damage.
Natasha claws you but does no damage. The shadow imp completely misses you.
Natasha casts a spell at you. You resist with some effort.
You hit Natasha. You claw Natasha, but do no damage.
Natasha is almost dead.
You barely miss the shadow imp.
The shadow imp hits you but does no damage.
Natasha howls an incantation.
Natasha's front paws start to glow.
You block Natasha's attack. The shadow imp barely misses you.
Natasha claws you but does no damage.
You closely miss Natasha.
Natasha is almost dead.
You closely miss the shadow imp. The shadow imp puffs mist at you.
You block the shadow imp's attack. You block Natasha's attack.
The shadow imp gestures at you. Pain shoots through your body!
You block Natasha's attack. The shadow imp hits you.
You hit Natasha.
Natasha is almost dead.
You hit the shadow imp. Natasha claws you! You block the shadow imp's attack.
Natasha claws you.
You die...

########## #...# #..
#........# ##.### #.#
#........# #..# ####.#
#........#
#####.#####....#
#........#
#...........####
#........##
#........####
#####.##..###........#
#.......#........#
######.@h%.......#
####.5........# ####
##....##..#########...
#[.#####.....###....##
#.........##.##..#####
######^.#.....)..>....
#..##.####.<.....
##########..##.#
########
#.......##...#.#


You could see Natasha and a shadow imp (summoned).

Vanquished Creatures
  2 iguanas (D:4)
  Terence (D:2)
  Natasha (twice) (D:4)
  Robin (D:2)
  4 gnolls (D:2)
  8 adders
  A white imp (D:3)
  A worm (D:4)
  2 dart slugs
  5 ball pythons
  8 endoplasms
  6 giant cockroaches
  16 goblins
  8 hobgoblins
  4 jackals (D:3)
  2 quokkas
  14 bats
  A frilled lizard (D:1)
  6 kobolds
  3 rats
95 creatures vanquished.

Vanquished Creatures (others)
  3 plants (D:3)
3 creatures vanquished.

Grand Total: 98 creatures vanquished

Notes
Turn   | Place    | Note
-------+----------+-------------------------------------------
     0 | D:1      | qw the Tengu Warper began the quest for the Orb.
     0 | D:1      | Reached XP level 1. HP: 12/12 MP: 4/4
     0 | D:1      | 0 ||| qw: Version: 0.1-a-89-g26bdef1
     0 | D:1      | 0 ||| qw: Game counter: 3575
     0 | D:1      | 0 ||| qw: Always use a shield: true
     0 | D:1      | 0 ||| qw: God list: Okawaru
     0 | D:1      | 0 ||| qw: Allow faded altars: false
     0 | D:1      | 0 ||| qw: Do Orc after D:15 true
     0 | D:1      | 0 ||| qw: Do second Lair branch before Depths: true
     0 | D:1      | 0 ||| qw: Lair rune preference: random
     0 | D:1      | 0 ||| qw: Plans: Normal
     0 | D:1      | 0 ||| PLANNING D:1-11
   153 | D:1      | Reached skill level 3 in Axes
   153 | D:1      | Reached XP level 2. HP: 15/17 MP: 6/6
   361 | D:1      | 361 ||| DROPPING +0 club.
   780 | D:1      | 780 ||| Stepping ~*~*~tactically~*~*~ (hiding).
  1346 | D:1      | 1346 ||| UPGRADING to +0 ring mail.
  1356 | D:1      | 1356 ||| DROPPING +0 leather armour.
  1357 | D:1      | 1357 ||| UPGRADING to +0 tower shield.
  1362 | D:1      | 1362 ||| UPGRADING to amulet of regeneration.
  1367 | D:1      | 1367 ||| READING scroll labelled HANO BAULAOF.
  1368 | D:1      | 1368 ||| READING scroll labelled GUMNYW NEHUNAOR.
  1369 | D:1      | 1369 ||| READING scroll labelled OKHLYUH FATWA.
  1370 | D:1      | 1370 ||| READING scroll labelled ZAALOHUEMO.
  1371 | D:1      | 1371 ||| DROPPING scroll of blinking.
  1372 | D:1      | 1372 ||| Stepping randomly (stuck).
  1373 | D:1      | 1373 ||| Stepping ~*~*~tactically~*~*~ (cloud).
  1450 | D:2      | Noticed Robin
  1451 | D:2      | 1451 ||| Stepping ~*~*~tactically~*~*~ (hiding).
  1458 | D:2      | Reached skill level 1 in Shields
  1458 | D:2      | Reached XP level 3. HP: 21/21 MP: 7/7
  1459 | D:2      | 1459 ||| Stepping ~*~*~tactically~*~*~ (hiding).
  1469 | D:2      | Reached skill level 2 in Shields
  1470 | D:2      | HP: 5/21 [goblin/+0 dagger[Robin] (1)]
  1477 | D:2      | Reached XP level 4. HP: 12/26 MP: 8/8
  1484 | D:2      | HP: 6/26 [Robin/+4 club (7)]
  1489 | D:2      | HP: 6/26 [Robin/+4 club (3)]
  1494 | D:2      | Killed Robin
  1505 | D:2      | Reached skill level 3 in Shields
  1529 | D:2      | 1529 ||| Stepping ~*~*~tactically~*~*~ (hiding).
  1530 | D:2      | 1530 ||| Stepping ~*~*~tactically~*~*~ (hiding).
  1667 | D:2      | Found a runed translucent door.
  1668 | D:2      | Noticed Crazy Yiuf
  1734 | D:2      | Noticed Terence
  1746 | D:2      | Killed Terence
  1747 | D:2      | Gained mutation: Your magical nature lets you fly swiftly
                  | and evasively. [Tengu growth]
  1747 | D:2      | Reached XP level 5. HP: 25/30 MP: 9/9
  1754 | D:2      | 1754 ||| DROPPING +0 whip.
  1772 | D:2      | 1772 ||| Stepping ~*~*~tactically~*~*~ (hiding).
  2090 | D:2      | You are sucked into a shaft and drop 1 floor!
  2090 | D:3      | Found Kaojoo's General Store.
  2095 | D:3      | 2095 ||| SHOPLISTING +2 ring mail of willpower (252 gold,
                  | have 75).
  2095 | D:3      | 2095 ||| BUYING potion of heal wounds (60 gold).
  2095 | D:3      | Bought a potion of heal wounds for 60 gold pieces
  2095 | D:3      | 2095 ||| SHOPLISTING potion of heal wounds (60 gold, have
                  | 15).
  2095 | D:3      | 2095 ||| SHOPLISTING scroll of teleportation (36 gold, have
                  | 15).
  2101 | D:3      | 2101 ||| Stepping ~*~*~tactically~*~*~ (stealth).
  2111 | D:3      | 2111 ||| UPGRADING to +1 scale mail of fire resistance.
  2121 | D:3      | 2121 ||| DROPPING +0 ring mail.
  2122 | D:3      | 2122 ||| READING scroll labelled DONYBL FALORYS.
  2123 | D:3      | 2123 ||| READING scroll labelled NATHRE QUFUKKUE.
  2348 | D:2      | 2348 ||| UPGRADING to +0 chain mail.
  2380 | D:3      | 2380 ||| Stepping ~*~*~tactically~*~*~ (stealth).
  2381 | D:3      | 2381 ||| Stepping ~*~*~tactically~*~*~ (stealth).
  2405 | D:3      | Found Ditehok's Magic Scroll Boutique.
  2407 | D:3      | Reached skill level 4 in Shields
  2418 | D:3      | 2418 ||| BUYING scroll of identify (22 gold).
  2418 | D:3      | Bought a scroll of identify for 22 gold pieces
  2418 | D:3      | 2418 ||| BUYING scroll of teleportation (33 gold).
  2418 | D:3      | Bought a scroll of teleportation for 33 gold pieces
  2512 | D:3      | 2512 ||| Stepping ~*~*~tactically~*~*~ (stealth).
  2514 | D:3      | 2514 ||| Stepping ~*~*~tactically~*~*~ (stealth).
  2520 | D:3      | Identified the +1 buckler of Pantheism {rElec Str+4 Int+3}
  2546 | D:3      | Found Seruv's Antique Weapon Shop.
  2554 | D:3      | 2554 ||| SHOPLISTING glowing whip (110 gold, have 85).
  2620 | D:3      | Found Jukeos's Armour Shoppe.
  2623 | D:3      | 2623 ||| SHOPLISTING +0 chain mail "Lixkaang" {Harm SInv}
                  | (172 gold, have 99).
  2623 | D:3      | 2623 ||| SHOPLISTING +4 scale mail of poison resistance
                  | (308 gold, have 99).
  2851 | D:3      | Found Ehuorept's General Store.
  2860 | D:3      | 2860 ||| SHOPLISTING +1 hat of stealth (224 gold, have 99).
  2860 | D:3      | 2860 ||| BUYING scroll of identify (28 gold).
  2860 | D:3      | Bought a scroll of identify for 28 gold pieces
  2980 | D:3      | Found a sparkling altar of Nemelex Xobeh.
  3170 | D:3      | 3170 ||| READING scroll labelled AGE GADACK.
  3171 | D:3      | 3171 ||| READING scroll labelled UMEODAEHOB.
  3172 | D:3      | 3172 ||| READING 2 scrolls of identify.
  3172 | D:3      | 3172 ||| IDENTIFYING sedimented black potion
  3173 | D:3      | 3173 ||| DROPPING potion of attraction.
  3195 | D:4      | Noticed Natasha
  3209 | D:4      | Killed Natasha
  3210 | D:4      | Reached XP level 6. HP: 35/35 MP: 10/10
  3247 | D:4      | Reached skill level 5 in Shields
  3263 | D:4      | Noticed Natasha
  3264 | D:4      | 3264 ||| Stepping ~*~*~tactically~*~*~ (stealth).
  3265 | D:4      | 3265 ||| Stepping ~*~*~tactically~*~*~ (stealth).
  3266 | D:4      | 3266 ||| Stepping ~*~*~tactically~*~*~ (stealth).
  3267 | D:4      | 3267 ||| Stepping ~*~*~tactically~*~*~ (stealth).
  3268 | D:4      | 3268 ||| Stepping ~*~*~tactically~*~*~ (stealth).
  3277 | D:4      | Killed Natasha
  3278 | D:4      | 3278 ||| FLEEEEING.
  3279 | D:4      | 3279 ||| FLEEEEING.
  3280 | D:4      | 3280 ||| FLEEEEING.
  3316 | D:4      | 3316 ||| DROPPING +0 vorpal hand axe.
  3364 | D:4      | 3364 ||| Stepping ~*~*~tactically~*~*~ (stealth).
  3596 | D:4      | Found a staircase to the Ecumenical Temple.
  3597 | D:4      | 3597 ||| PLANNING TEMPLE
  3597 | D:4      | 3597 ||| DROPPING amulet of faith.
  3603 | Temple   | Entered the Ecumenical Temple
  3709 | Temple   | Became a worshipper of Warmaster Okawaru
  3848 | Temple   | 3848 ||| PLANNING D:1-11
  3969 | D:4      | Noticed Natasha
  3970 | D:4      | 3970 ||| Stepping ~*~*~tactically~*~*~ (stealth).
  3985 | D:4      | HP: 5/35 [Natasha (8)]
  3985 | D:4      | Slain by Natasha

Levels and vault maps discovered:
D:1:      dpeg_arrival_tiny_a, layout_basic, minmay_statues_item,
          serial_park_tiny_1, kennysheep_minor_cross, palyth_stone_intersect
D:2:      layout_rooms, minmay_misc_feat_secret_circle, uniq_robin,
          uniq_terence, uniq_crazy_yiuf_cottage
D:3:      layout_loops_ring, marbit_many_paths, serial_shops, shop_coins,
          nicolae_shop_overgrown_old_shop, nicolae_lakefront_shop,
          nicolae_shop_behind_doors, shop, roderic_batcave
D:4:      layout_rooms, temple_green, uniq_natasha
Temple:   compressed_dpeg_triangle_lava_temple

Skill      XL: |  1  2  3  4  5  6 |
---------------+-------------------+-----
Axes           | 3 4 |  4.9
Shields        | 1 2 3 4 5 |  5.0
Fighting       | |  2.0
Throwing       | |  1.0
Armour         | |  1.1
Dodging        | |  2.1
Spellcasting   | |  2.0
Translocations | |  2.4

Action                   |  1- 3 |  4- 6 || total
-------------------------+-------+-------++-------
Melee: Hand axe          |    59 |   196 ||   255
       Kick              |    12 |    55 ||    67
       Peck              |     8 |    21 ||    29
       Punch             |     1 |       ||     1
Throw: Boomerang         |     7 |    52 ||    59
       Javelin           |       |    13 ||    13
  Use: Scroll            |     4 |     5 ||     9
Armor: Leather armour    |     6 |       ||     6
       Ring mail         |     8 |    25 ||    33
       Chain mail        |       |    73 ||    73
       Scale mail        |       |     1 ||     1
Dodge: Dodged            |    20 |    31 ||    51
Block: Tower shield      |    18 |   144 ||   162

Table legend:
 A = Non-vault XP
 B = Vault XP
 C = Vault XP percentage of total XP
 D = Non-vault monster count
 E = Vault monster count
 F = Vault count percentage of total count
                 A         B        C        D         E       F
            +---------+---------+-------+---------+---------+-------
      Total |     378 |     133 |  26.0 |      72 |      23 |  24.2
            +---------+---------+-------+---------+---------+-------
        D:1 |      33 |       0 |   0.0 |      18 |       0 |   0.0
        D:2 |     106 |      69 |  39.4 |      18 |      12 |  40.0
        D:3 |      80 |      29 |  26.6 |      20 |      10 |  33.3
        D:4 |     159 |      35 |  18.0 |      16 |       1 |   5.9
            +---------+---------+-------+---------+---------+-------
